 Dungeon Crawl Stone Soup version 0.22-a0-455-ga0624bf (webtiles) character file.

170282 xccam the Martial Artist (level 17, -11/150 HPs)
             Began as a Grey Draconian Transmuter on June 4, 2018.
             Was an Elder of Qazlal.
             Mangled by a snapping turtle (17 damage)
             ... on level 4 of the Shoals on June 5, 2018.
             The game lasted 02:00:28 (30168 turns).

xccam the Martial Artist (DrTm)                    Turns: 30168, Time: 02:00:29

Health: -11/150    AC: 23    Str: 14    XL:     17   Next: 37%
Magic:  31/32      EV: 26    Int: 16    God:    Qazlal [****..]
Gold:   885        SH:  5    Dex: 20    Spells: 6/39 levels left

rFire    . . .     SeeInvis .     - Unarmed
rCold    + + .     Gourm    .   (shield currently unavailable)
rNeg     + . .     Faith    .   (armour unavailable)
rPois    .         Spirit   .   M - +2 hat {MR+}
rElec    +         Reflect  .   i - +2 cloak
rCorr    +         Harm     .   (gloves currently unavailable)
MR       ++...                  B - +3 pair of boots "Zecsafate" {rC+ Regen+ Str-4 Dex+4}
Stlth    ++........             N - amulet of regeneration
HPRegen  1.15/turn              t - ring of protection from cold
MPRegen  0.23/turn              q - ring "Beahujacw" {rCorr rElec rN+ Dex-5}

@: mighty, agile, blade hands (expiring), very slightly contaminated, hasted,
repel missiles, quick
A: walk through water, unfitting armour, unbreathing, cold-blooded, AC +14
a: End Transformation, Upheaval, Elemental Force, Renounce Religion


You were on level 4 of the Shoals.
You worshipped Qazlal.
Qazlal was greatly pleased with you.
You were not hungry.
You had blades for hands.
You visited 5 branches of the dungeon, and saw 28 of its levels.

You collected 2133 gold pieces.
You spent 1248 gold pieces at shops.

Inventory:

Missiles
 a - 694 arrows
Armour
 i - a +2 cloak (worn)
 j - a +2 pair of gloves (melded)
 s - a +0 shield
 B - the +3 pair of boots "Zecsafate" (worn) {rC+ Regen+ Str-4 Dex+4}
   (You found it on level 6 of the Lair of Beasts)

   It affects your strength (-4).
   It affects your dexterity (+4).
   It protects you from cold.
   It increases your rate of regeneration.
 E - a +3 buckler of protection (melded)
 M - a +2 hat of magic resistance (worn)
Jewellery
 d - an uncursed ring of wizardry
 n - a +5 ring of strength
 q - the ring "Beahujacw" (right scythe-like blade) {rCorr rElec rN+ Dex-5}
   (You took it off an orc on level 6 of the Dungeon)

   [ring of resist corrosion]

   It affects your dexterity (-5).
   It insulates you from electricity.
   It protects you from negative energy.
 t - a ring of protection from cold (left scythe-like blade)
 w - an uncursed ring of see invisible
 A - an uncursed ring of protection from fire
 F - an uncursed ring of magical power
 H - an uncursed ring of fire
 N - an amulet of regeneration (around neck)
 S - an uncursed ring of magical power
 Z - an uncursed ring of ice
Wands
 e - a wand of enslavement (8)
 k - a wand of acid (17)
 x - a wand of iceblast (10)
 y - a wand of random effects (95)
 C - a wand of flame (87)
 J - a wand of disintegration (28)
 V - a wand of paralysis (29)
 Y - a wand of digging (28)
Scrolls
 b - 7 scrolls of teleportation
 h - 13 scrolls of remove curse
 u - 3 scrolls of magic mapping
 K - 2 scrolls of amnesia
 P - 2 scrolls of immolation
 W - 5 scrolls of identify
Potions
 g - 12 potions of curing
 l - 9 potions of agility
 m - 5 potions of lignification
 o - 8 potions of flight
 p - 5 potions of brilliance
 v - 2 potions of resistance
 z - 4 potions of mutation
 D - a potion of might
 G - 2 potions of ambrosia
Miscellaneous
 O - a lightning rod (4/4)
Comestibles
 c - 27 rations


   Skills:
 - Level 13.5 Fighting
 - Level 11.0 Dodging
 - Level 5.0 Shields
 - Level 13.6 Unarmed Combat
 + Level 11.7 Spellcasting
 - Level 6.0 Translocations
 * Level 13.3 Transmutations
 - Level 5.1 Ice Magic
 - Level 4.0 Poison Magic
 - Level 12.6 Invocations


You had 6 spell levels left.
You knew the following spells:

 Your Spells              Type           Power        Failure   Level  Hunger
a - Lesser Beckoning      Tloc           ####......   21%         3    None
b - Sticks to Snakes      Tmut           ######..     5%          2    None
c - Blade Hands           Tmut           ######....   14%         5    #####..
d - Apportation           Tloc           ####..       13%         1    None
e - Ice Form              Ice/Tmut       #####...     21%         4    ###....
f - Blink                 Tloc           N/A          16%         2    None
g - Teleport Other        Tloc           ####....     21%         3    None
h - Ignite Poison         Fire/Tmut/Pois ####....     22%         3    None
i - Mephitic Cloud        Conj/Pois/Air  ##......     52%         3    None
j - Dragon Form           Tmut           ######....   69%         7    #######

Your spell library contained the following spells:

 Spells                   Type           Power        Failure   Level  Hunger
 Cause Fear               Hex            #.........   91%         4    ###....
 Magic Dart               Conj           #...         41%         1    None
 Fireball                 Conj/Fire      #.........   99%         5    #####..
 Conjure Flame            Conj/Fire      #.......     65%         3    None
 Bolt of Fire             Conj/Fire      #.........   100%        6    ######.
 Bolt of Cold             Conj/Ice       ###.......   100%        6    ######.
 Slow                     Hex            #.......     50%         2    None
 Confuse                  Hex            #.......     65%         3    None
 Throw Frost              Conj/Ice       ###...       30%         2    None
 Freezing Cloud           Conj/Ice/Air   ##........   100%        6    ######.
 Ring of Flames           Chrm/Fire      #.........   100%        7    #######
 Summon Small Mammal      Summ           #...         41%         1    None
 Iskenderun's Mystic Bla  Conj           #.......     91%         4    ###....
 Animate Skeleton         Necr           N/A          41%         1    None
 Freeze                   Ice            ####         14%         1    None
 Summon Ice Beast         Ice/Summ       ###.....     69%         4    ###....
 Call Imp                 Summ           #.......     50%         2    None
 Tukima's Dance           Hex            #.......     65%         3    None
 Spider Form              Tmut/Pois      #####.....   13%         3    None
 Throw Icicle             Conj/Ice       ###.....     69%         4    ###....
 Confusing Touch          Hex            #.....       41%         1    None
 Flame Tongue             Conj/Fire      #....        41%         1    None
 Call Canine Familiar     Summ           #.......     65%         3    None
 Ensorcelled Hibernation  Hex/Ice        ###...       30%         2    None
 Metabolic Englaciation   Hex/Ice        ###.......   91%         5    #####..
 Summon Butterflies       Summ           #.......     41%         1    None
 Corona                   Hex            #......      41%         1    None
 Petrify                  Tmut/Erth      ####....     32%         4    ###....
 Passage of Golubria      Tloc           N/A          36%         4    ###....
 Summon Hydra             Summ           #.........   100%        7    #######
 Shroud of Golubria       Chrm/Tloc      ###.......   26%         2    None
 Beastly Appendage        Tmut           ######       4%          1    None
 Fulminant Prism          Conj/Hex       #.........   91%         4    ###....
 Dazzling Spray           Conj/Hex       #.....       65%         3    None
 Force Lance              Conj/Tloc      ###.....     65%         4    ###....
 Searing Ray              Conj           #.....       50%         2    None
 Dragon's Call            Summ           #.........   100%        9    #######
 Summon Mana Viper        Hex/Summ       #.......     99%         5    #####..
 Gell's Gravitas          Tloc           ####......   21%         3    None
 Yara's Violent Unravell  Hex/Tmut       ####......   54%         5    #####..
 Poisonous Vapours        Pois/Air       ###...       32%         2    None
 Ignition                 Fire           #.........   100%        8    #######


Dungeon Overview and Level Annotations

Branches:
Dungeon (15/15)            Temple (1/1) D:4            Lair (6/6) D:8
 Shoals (4/4) Lair:2        Snake (0/4) Lair:2        Slime (0/5) Lair:5
    Orc (2/2) D:12            Elf (0/3) Orc:2        Vaults (0/5) D:14
 Depths (0/5) D:15

Altars:
Ashenzari
Cheibriados
Dithmenos
Fedhas
Gozag
Hepliaklqana
Kikubaaqudgha
Makhleb
Nemelex Xobeh
Okawaru
Qazlal
Ru
Sif Muna
Trog
Uskayaw
Vehumet
Wu Jian
Xom
Yredelemnul
Zin
The Shining One
Beogh

Shops:
D:4 *   D:12 }   D:14 (   Orc:2 ::[[   Shoals:1 %

Annotations:
Shoals:4 Polyphemus


Innate Abilities, Weirdness & Mutations

You can walk through water.
Your dull iron-grey scales are very hard. (AC +14)
You cannot fit into any form of body armour.
You can survive without breathing.
You are cold-blooded and may be slowed by cold attacks.


Message History

Unknown command.
The snapping turtle hisses angrily.
A harpy comes into view.
Something gores the plant.
The harpy is engulfed in calcifying dust.
The harpy is moving more slowly.
The harpy misses you. The harpy claws you.
* * * LOW HITPOINT WARNING * * *
The harpy is engulfed in calcifying dust.
The harpy is moving more slowly.
Something gores the plant!
Polyphemus throws a large rock.
You block the large rock.
Something gores the plant.
The harpy screeches! x2
The harpy is engulfed in calcifying dust.
The harpy stops moving altogether!
The harpy is engulfed in calcifying dust. x2
The harpy stops moving altogether!
A harpy comes into view.
The harpy is engulfed in calcifying dust. x2
The snapping turtle bites you from afar!
You die...

,,,,,≈,,,≈≈≈≈≈≈≈≈≈≈≈PY≈≈≈≈≈..≈≈((
,,,,,≈≈,≈≈≈≈H≈≈≈≈≈≈≈§≈PP≈≈≈≈≈≈(≈≈
,,,,**+**≈≈≈≈≈≈Y≈≈≈≈§≈P≈≈≈≈≈≈≈≈≈≈
,,,**,,,*#≈≈H≈≈≈≈PP≈≈≈≈≈≈≈≈)≈≈≈≈≈
,,,*,,,,,#≈≈≈≈≈≈≈P§§≈P≈≈≈((.†(≈≈≈
,,,*,,,,,#≈≈≈≈≈≈≈≈H≈§≈≈≈P.##..≈≈≈
,,,*,,,,,#≈≈≈≈§≈§≈H≈≈≈≈≈C.###.≈≈≈
,,,**,,,*#≈≈≈≈≈≈H≈§≈≈≈≈≈≈.###(≈≈≈
,,,,*****≈≈≈≈≈≈≈@≈≈≈≈≈≈≈≈≈...m≈≈≈
,,,,,≈≈≈≈≈≈≈≈≈t≈≈§≈≈≈≈≈≈≈≈≈≈§≈≈≈≈
,,,,,≈≈≈≈≈≈≈≈≈≈≈≈≈§≈≈≈≈≈≈≈≈≈≈≈≈≈≈
,,,,,,≈≈≈≈≈≈≈≈≈≈≈≈≈≈≈≈≈≈≈≈≈≈≈≈≈≈≈
,,,,,,≈≈≈≈≈≈≈≈≈≈≈≈≈≈≈≈≈≈≈≈≈≈≈≈≈≈≈
,,,,,≈,≈≈≈≈≈≈≈≈≈≈≈≈≈≈≈≈≈≈≈≈≈≈≈≈≈≈
,,,,,≈≈≈≈≈≈≈≈≈≈≈≈≈≈≈≈≈≈≈≈≈≈≈≈≈≈≈≈
,,,,,≈≈≈≈≈≈≈≈≈≈≈≈≈≈≈≈≈≈≈≈≈≈≈≈≈≈≈≈
**,,,≈≈,≈≈≈≈≈≈≈≈≈≈≈≈≈≈≈≈≈≈≈≈≈≈≈≈≈


You could see a death yak, a snapping turtle and 5 harpies.

Vanquished Creatures
  Rupert (D:12)
  Gastronok (Lair:3)
  Ilsuiw (Shoals:3)
  2 orc warlords (Orc:2)
  2 entropy weavers (Lair:5)
  2 stone giants
  Nessos (D:12)
  A minotaur (Shoals:3)
  Snorg (Lair:6)
  3 merfolk javelineers
  3 ogre magi (D:15)
  A merfolk impaler (Shoals:1)
  Erolcha (D:11)
  The ghost of xccam the Transmogrifier, a journeyman DrTm of Qazlal (D:9)
  Harold (D:12)
  5 hydras
  A catoblepas (Lair:6)
  2 centaur warriors (D:15)
  2 merfolk aquamancers
  2 dancing weapons (D:14)
  22 two-headed ogres
  A merfolk avatar (Shoals:2)
  4 satyrs
  A queen ant (Lair:5)
  23 death yaks
  A tengu warrior (D:10)
  A death knight (D:15)
  4 orc high priests (Orc:2)
  A deep troll shaman (Lair:6)
  Sonja (Orc:2)
  6 sea snakes
  3 unseen horrors
  A wizard (D:15)
  2 lindwurms
  5 orc knights
  23 harpies
  4 orc sorcerers
  5 deep elf magi
  5 oklob plants
  7 ugly things
  3 cyclopes
  19 fauns
  9 manticores
  9 merfolk sirens
  5 elephants
  Joseph (D:8)
  Maurice (D:8)
  3 black mambas
  8 water nymphs
  The ghost of Ratty the Thaumaturge, a novice DECj of Sif Muna (D:6)
  Psyche (D:11)
  3 gargoyles
  8 spiny frogs
  4 kobold demonologists
  4 komodo dragons
  A rime drake (Lair:4)
  8 trolls
  2 tengu conjurers (D:14)
  A polar bear (Lair:6)
  7 wind drakes
  A wolf spider simulacrum (D:15)
  6 meliai
  9 slime creatures
  14 merfolk
  15 dream sheep
  7 snapping turtles
  A hornet (D:13)
  23 blink frogs
  14 hippogriffs
  A tarantella (shapeshifter) (D:14)
  Sigmund (D:6)
  34 yaks
  9 water elementals
  6 spriggans (Lair:6)
  3 shadows
  4 wyverns
  A vampire (D:14)
  A wraith (D:9)
  A basilisk (Lair:6)
  A steam dragon (D:10)
  3 hungry ghosts
  4 vampire mosquitoes
  4 wargs
  A naga (Lair:2)
  20 soldier ants
  An acid dragon (D:13)
  12 water moccasins
  8 porcupines
  38 orc warriors
  A sky beast (D:9)
  27 ogres
  4 ice beasts
  2 black bears
  A phantom (D:9)
  20 centaurs
  7 wolves (Lair:6)
  The ghost of TheNamelessOne the Insei, an amateur OpTm (D:3)
  10 crocodiles
  Blork the orc (D:6)
  15 bullfrogs
  2 big kobolds
  A gnoll sergeant (D:9)
  5 scorpions
  7 wights
  6 killer bees (D:10)
  2 howler monkeys
  3 electric eels
  7 crimson imps
  2 centaur zombies
  2 bullfrog zombies
  3 hounds
  10 jellies
  30 orc priests
  A gnoll shaman (D:7)
  22 orc wizards
  A bullfrog skeleton (D:13)
  3 centaur skeletons
  Jessica (D:2)
  A human skeleton (D:9)
  5 human zombies (D:9)
  Terence (D:2)
  23 worker ants
  A statue (D:5)
  An ogre zombie (D:9)
  A hound zombie (D:10)
  2 mummies (D:9)
  2 worker ant zombies (D:6)
  Robin (D:2)
  13 gnolls
  11 adders
  6 shadow imps
  11 oozes (D:8)
  An adder zombie (D:9)
  3 adder skeletons
  2 dart slugs
  5 leopard geckos
  101 orcs
  2 ball pythons
  6 bats
  2 bat zombies (D:3)
  3 giant cockroaches
  17 goblins
  14 hobgoblins
  12 jackals
  19 kobolds
  5 quokkas
  A ball python zombie (D:5)
  7 frilled lizards
  A leopard gecko skeleton (D:9)
  2 quokka skeletons (D:5)
  A quokka zombie (D:9)
  12 rats
  A rat zombie (D:3)
  A fungus (D:8)
  10 plants
999 creatures vanquished.

Vanquished Creatures (collateral kills)
  Eustachio (D:6)
  A bullfrog (D:6)
  A bullfrog zombie (D:11)
  An orc wizard (D:6)
4 creatures vanquished.

Vanquished Creatures (others)
  A wizard (D:15)
  An orc (Orc:2)
  A kobold (D:9)
  A bush (Lair:6)
  19 fungi
  18 plants
41 creatures vanquished.

Grand Total: 1044 creatures vanquished

Notes
Turn   | Place    | Note
-------+----------+-------------------------------------------
     0 | D:1      | xccam the Draconian Transmuter began the quest for the Orb.
     0 | D:1      | Reached XP level 1. HP: 16/16 MP: 3/3
   279 | D:1      | Reached XP level 2. HP: 22/23 MP: 5/5
   381 | D:1      | Reached XP level 3. HP: 10/28 MP: 4/6
   870 | D:2      | Found a snail-covered altar of Cheibriados.
  1026 | D:2      | Found a sparkling altar of Nemelex Xobeh.
  1117 | D:2      | Noticed Robin
  1163 | D:2      | Reached XP level 4. HP: 26/35 MP: 7/7
  1223 | D:2      | Killed Robin
  1897 | D:2      | Noticed Jessica
  1903 | D:2      | Killed Jessica
  2075 | D:2      | Noticed Terence
  2080 | D:2      | Learned a level 2 spell: Sticks to Snakes
  2087 | D:2      | Killed Terence
  2087 | D:2      | Reached XP level 5. HP: 36/40 MP: 1/9
  2480 | D:3      | Learned a level 5 spell: Blade Hands
  2503 | D:3      | Found an ancient bone altar of Kikubaaqudgha.
  2613 | D:3      | Found a burning altar of Makhleb.
  2649 | D:3      | Found a blossoming altar of Fedhas.
  2650 | D:3      | Found an ornate altar of the Wu Jian Council.
  2724 | D:3      | Noticed TheNamelessOne's ghost (amateur OpTm)
  2741 | D:3      | Killed TheNamelessOne's ghost
  2989 | D:3      | Reached XP level 6. HP: 47/47 MP: 10/10
  3087 | D:4      | Found a shattered altar of Ashenzari.
  3088 | D:4      | Found an iron altar of Okawaru.
  3340 | D:4      | Found Keugywk's Assorted Antiques.
  3458 | D:4      | Reached skill level 5 in Transmutations
  3494 | D:4      | Found a staircase to the Ecumenical Temple.
  3503 | Temple   | Entered the Ecumenical Temple
  3539 | Temple   | Became a worshipper of Qazlal Stormbringer
  4408 | D:5      | Entered Level 5 of the Dungeon
  4536 | D:5      | Your scales start taking on a dull iron-grey colour.
  4536 | D:5      | Reached XP level 7. HP: 52/52 MP: 12/12
  4536 | D:5      | Gained mutation: You can survive without breathing. [Grey Draconian growth]
  4825 | D:5      | Reached * piety under Qazlal
  4893 | D:5      | Found a radiant altar of Vehumet.
  4998 | D:5      | Found a sacrificial altar of Ru.
  5058 | D:5      | Noticed a hippogriff
  5066 | D:5      | Killed a hippogriff
  5134 | D:6      | Noticed Sigmund
  5137 | D:6      | Noticed Blork the orc
  5141 | D:6      | Killed Blork the orc
  5146 | D:6      | Killed Sigmund
  5146 | D:6      | Reached XP level 8. HP: 44/59 MP: 3/15
  5149 | D:6      | Noticed Eustachio
  5160 | D:6      | Killed Eustachio
  5160 | D:6      | Reached skill level 5 in Spellcasting
  5299 | D:6      | Noticed Ratty's ghost (novice DECj)
  5596 | D:6      | Killed Ratty's ghost
  5596 | D:6      | Reached skill level 5 in Unarmed Combat
  5829 | D:6      | Learned a level 1 spell: Apportation
  6050 | D:6      | Got a wavering bone ring
  6138 | D:6      | Identified the ring "Beahujacw" {rCorr rElec rN+ Dex-5} (You took it off an orc on level 6 of the Dungeon)
  6283 | D:6      | Reached ** piety under Qazlal
  6500 | D:7      | Reached XP level 9. HP: 70/70 MP: 17/17
  6644 | D:7      | Reached skill level 1 in Translocations
  6670 | D:7      | Found a shimmering altar of Xom.
  7211 | D:8      | Noticed Joseph
  7221 | D:8      | Killed Joseph
  7248 | D:8      | Found a staircase to the Lair.
  7267 | D:8      | Reached skill level 1 in Invocations
  7651 | D:8      | Noticed Maurice
  7694 | D:8      | Killed Maurice
  7799 | D:8      | Reached skill level 5 in Fighting
  7799 | D:8      | Reached XP level 10. HP: 81/81 MP: 15/19
  7811 | D:8      | Reached *** piety under Qazlal
  8310 | D:9      | Noticed xccam's ghost (journeyman DrTm)
  8328 | D:9      | Killed xccam's ghost
  8328 | D:9      | Reached skill level 10 in Transmutations
  8817 | D:9      | Noticed a two-headed ogre
  8830 | D:9      | Killed a two-headed ogre
  9379 | D:9      | Found a basalt altar of Yredelemnul.
  9618 | D:10     | Entered Level 10 of the Dungeon
  9779 | D:10     | Killed an unseen horror
  9779 | D:10     | Reached **** piety under Qazlal
  9779 | D:10     | Reached XP level 11. HP: 66/91 MP: 16/22
  9781 | D:10     | Reached skill level 5 in Invocations
  9787 | D:10     | Noticed a two-headed ogre
  9791 | D:10     | Killed a two-headed ogre
 10018 | D:10     | Noticed a tengu warrior
 10032 | D:10     | Killed a tengu warrior
 10723 | D:11     | Noticed Erolcha
 10738 | D:11     | Killed Erolcha
 10785 | D:11     | Noticed Psyche
 10791 | D:11     | Killed Psyche
 11085 | D:9      | Learned a level 4 spell: Ice Form
 11131 | Lair:1   | Entered Level 1 of the Lair of Beasts
 11159 | Lair:1   | Reached skill level 1 in Ice Magic
 11165 | Lair:1   | Reached skill level 5 in Dodging
 11859 | Lair:1   | Reached XP level 12. HP: 78/101 MP: 18/24
 12218 | Lair:1   | Identified Illuwes's Tome of Snow
 12578 | Lair:2   | Found a staircase to the Snake Pit.
 13466 | Lair:2   | Found a staircase to the Shoals.
 14268 | Lair:3   | Noticed Gastronok
 14288 | Lair:3   | Killed Gastronok
 14324 | Lair:3   | Noticed a four-headed hydra
 14334 | Lair:3   | Killed a four-headed hydra
 14334 | Lair:3   | Reached skill level 5 in Ice Magic
 15047 | Lair:3   | Learned a level 2 spell: Blink
 16256 | Lair:4   | Reached XP level 13. HP: 105/111 MP: 26/26
 16499 | Lair:5   | Reached skill level 5 in Translocations
 16980 | Lair:5   | Noticed an entropy weaver
 17020 | Lair:5   | Killed an entropy weaver
 17020 | Lair:5   | Reached ***** piety under Qazlal
 17193 | Lair:5   | Found a staircase to the Slime Pits.
 17512 | Lair:5   | Noticed an entropy weaver
 17528 | Lair:5   | Killed an entropy weaver
 18003 | Lair:6   | Entered Level 6 of the Lair of Beasts
 18113 | Lair:6   | Reached skill level 10 in Unarmed Combat
 18292 | Lair:6   | Reached skill level 10 in Fighting
 18296 | Lair:6   | Noticed Snorg
 18451 | Lair:6   | Killed Snorg
 18566 | Lair:6   | Reached XP level 14. HP: 119/122 MP: 23/27
 18627 | Lair:5   | Reached skill level 10 in Spellcasting
 19017 | Lair:6   | Reached skill level 1 in Shields
 19325 | Lair:6   | Reached skill level 10 in Invocations
 19506 | Lair:6   | Got a pair of distressingly furry boots
 19517 | Lair:6   | Identified the +3 pair of boots "Zecsafate" {rC+ Regen+ Str-4 Dex+4} (You found it on level 6 of the Lair of Beasts)
 19829 | D:12     | Noticed Nessos
 19830 | D:12     | Noticed Rupert
 19982 | D:12     | Killed Rupert
 19984 | D:12     | Killed Nessos
 19984 | D:12     | Reached skill level 5 in Shields
 20015 | D:12     | Noticed Harold
 20029 | D:12     | Killed Harold
 20058 | D:12     | Learned a level 3 spell: Lesser Beckoning
 20062 | D:12     | Learned a level 3 spell: Teleport Other
 20080 | D:12     | Found a staircase to the Orcish Mines.
 20400 | D:12     | Found Muohoap's Gadget Shop.
 20608 | Orc:1    | Entered Level 1 of the Orcish Mines
 20608 | Orc:1    | Found a radiant altar of Vehumet.
 20616 | Orc:1    | Reached ****** piety under Qazlal
 20755 | Orc:1    | Noticed a stone giant
 20766 | Orc:1    | Killed a stone giant
 20843 | Orc:1    | Found a roughly hewn altar of Beogh.
 21096 | Orc:2    | Entered Level 2 of the Orcish Mines
 21183 | Orc:2    | Reached XP level 15. HP: 130/130 MP: 29/29
 21573 | Orc:2    | Noticed Sonja
 21710 | Orc:2    | Killed Sonja
 22049 | Orc:2    | Found Baisibb's Armour Emporium.
 22068 | Orc:2    | Found a roughly hewn altar of Beogh.
 22092 | Orc:2    | Noticed an orc warlord
 22223 | Orc:2    | Killed an orc warlord
 22308 | Orc:2    | Found Inleid's Antique Armour Shoppe.
 22425 | Orc:2    | Noticed an orc warlord
 22449 | Orc:2    | Killed an orc warlord
 22463 | Orc:2    | Found a roughly hewn altar of Beogh.
 22565 | Orc:2    | Found Ofikluots's Book Shop.
 22596 | Orc:2    | Found Keotaff's Book Shoppe.
 22908 | Orc:2    | Found a staircase to the Elven Halls.
 23854 | D:13     | You fall through a shaft for 2 floors!
 23854 | D:15     | Entered Level 15 of the Dungeon
 23854 | D:15     | Found a sparkling altar of Nemelex Xobeh.
 24188 | D:15     | Reached XP level 16. HP: 134/141 MP: 29/31
 24414 | D:14     | Found Wutraixo's Antique Weapon Shop.
 24804 | Orc:2    | Bought an embroidered scarf for 168 gold pieces
 25110 | D:14     | Found a snail-covered altar of Cheibriados.
 25141 | D:14     | Reached skill level 10 in Dodging
 25540 | D:14     | Found a gate to the Vaults.
 25807 | D:15     | Found a staircase to the Depths.
 26278 | D:15     | Learned a level 3 spell: Ignite Poison
 26516 | Shoals:1 | Entered Level 1 of the Shoals
 26820 | Shoals:1 | Reached skill level 1 in Poison Magic
 26916 | Shoals:1 | Learned a level 3 spell: Mephitic Cloud
 27095 | Shoals:1 | Found Xoanoj's Food Emporium.
 28406 | Shoals:2 | Reached XP level 17. HP: 124/150 MP: 29/32
 28466 | Shoals:2 | Upgraded the game from 0.22-a0-448-g1fb7470 to 0.22-a0-455-ga0624bf
 28743 | Orc:2    | Bought a book of the Dragon for 1080 gold pieces
 28751 | Orc:2    | Learned a level 7 spell: Dragon Form
 29086 | Shoals:3 | Noticed Ilsuiw
 29092 | Shoals:3 | Killed Ilsuiw
 29408 | Shoals:3 | Found a hide-covered altar of Uskayaw.
 29945 | Shoals:4 | Entered Level 4 of the Shoals
 30021 | Shoals:4 | Noticed Polyphemus
 30162 | Shoals:4 | HP: 1/150 [Polyphemus (13)]
 30167 | Shoals:4 | HP: 5/150 [harpy (2)]
 30168 | Shoals:4 | Mangled by a snapping turtle

Vault maps used:
D:1:      onia_arrival_pentagram
D:2:      cheibriados_altar_1, nicolae_overflow_crystal_walls, serial_curves,
          eino_curves_02, eino_curves_02, uniq_jessica, uniq_robin, uniq_terence
D:3:      lemuel_zombie_altar_kikubaaqudgha, nicolae_overflow_hidden_temple,
          serial_bayou, serial_bayou_pond_d, serial_bayou_pond_c,
          serial_bayou_lake_a, serial_bayou_pond_e, interstate_on_off
D:4:      ashenzari_altar_1, minmay_temple_entry_trees, serial_shops,
          nicolae_shop_waterfront, first_ration, okawaru_gym_becter
D:5:      nicolae_ru_path_of_blood, vehumet_statue
D:6:      uniq_eustachio, uniq_sigmund, uniq_blork_the_orc
D:7:      lemuel_round_altar
D:8:      lemuel_slime, david_lair_generic, serial_glass, glass_columns_a,
          glass_columns_a, uniq_joseph, uniq_maurice
D:9:      minmay_opposing_rooms, lemuel_mausoleum_altar_yredelemnul,
          chequers_big_river, grunt_ogre_cave
D:10:     cheibrodos_iron_armory
D:11:     uniq_psyche, uniq_erolcha
D:12:     david_orc_3, serial_shops, shop, kennysheep_generic_room_11,
          uniq_rupert, uniq_nessos, uniq_harold
D:14:     erik_vaults_1, serial_shops, shop, basic_altar, hive_lemuel
D:15:     grunt_enter_depths_magical_seal, nemelex_xobeh_ov_fountains_minmay,
          nicolae_wwwww
Temple:   cyrus_temple_forest
Lair:1:   grunt_megastairs_3
Lair:2:   minmay_lair_oklob_tunnel, minmay_shoals_entry_centaurs,
          guppyfry_snake_entry_island
Lair:3:   uniq_gastronok
Lair:4:   infiniplex_staircase_pool
Lair:5:   dpeg_slime_entry_corner, zaba_antful_of_joy
Lair:6:   grunt_lair_end_beastmaster, wad_woods_01, uniq_snorg
Shoals:1: serial_shops, shop
Shoals:2: nicolae_shoals_dead_sea_scrolls
Shoals:3: regret_index_shoals_crete, uniq_ilsuiw
Shoals:4: shoals_end_simple, shoal_ilsuiw, ldierk_geyser, uniq_mara,
          uniq_donald, uniq_polyphemus
Orc:1:    basic_altar, mines1_david
Orc:2:    pubby_orc_utopia, serial_shops, uniq_sonja

Skill      XL: |  1  2  3  4  5  6  7  8  9 10 11 12 13 14 15 16 17 |
---------------+----------------------------------------------------+-----
Transmutations | 3 4 5 7 8 9 10 11 12 13 | 13.3
Spellcasting   | 3 4 5 6 7 8 9 10 11 | 11.7
Unarmed Combat | 4 5 6 7 8 9 10 12 13 | 13.6
Fighting       | 3 5 6 7 9 10 11 12 13 | 13.5
Translocations | 3 4 6 |  6.0
Invocations    | 2 4 6 7 9 10 11 12 | 12.6
Dodging        | 3 5 6 7 8 9 10 11 | 11.0
Ice Magic      | 2 5 |  5.1
Shields        | 5 |  5.0
Poison Magic   | 3 4 |  4.0

Action                   |  1- 3 |  4- 6 |  7- 9 | 10-12 | 13-15 | 16-18 || total
-------------------------+-------+-------+-------+-------+-------+-------++-------
Melee: Unarmed           |   163 |   289 |   410 |   906 |  1679 |   889 ||  4336
       Tailslap          |    11 |    43 |    45 |    93 |   197 |   112 ||   501
       Headbutt          |     3 |     4 |       |       |       |       ||     7
       Kick              |     7 |     8 |       |       |       |       ||    15
       Punch             |       |     4 |     9 |    24 |    29 |    18 ||    84
       Bite              |       |       |       |       |       |     2 ||     2
 Cast: Beastly Appendage |     4 |     5 |       |       |       |       ||     9
       Sticks to Snakes  |       |     7 |     7 |     4 |       |       ||    18
       Blade Hands       |       |     2 |    14 |    36 |    59 |    26 ||   137
       Ice Form          |       |       |       |     1 |     2 |     1 ||     4
       Dragon Form       |       |       |       |       |       |     1 ||     1
Invok: Upheaval          |       |       |       |    10 |    15 |    13 ||    38
       Disaster Area     |       |       |       |       |     1 |     4 ||     5
Evoke: Wand              |       |       |       |       |    11 |     1 ||    12
  Use: Scroll            |       |     6 |     6 |    15 |    18 |     8 ||    53
       Potion            |       |     2 |     3 |     3 |     6 |     6 ||    20
 Stab: Sleeping          |     1 |       |       |       |     1 |       ||     2
       Distracted        |     1 |       |       |       |       |       ||     1
       Invisible         |       |       |     1 |       |       |       ||     1
  Eat: Chunk             |     1 |     5 |    16 |    25 |    25 |    10 ||    82
       Ration            |       |     2 |     1 |     4 |     6 |     6 ||    19
Armor: Skin              |    60 |    79 |   142 |   285 |   395 |   307 ||  1268
Dodge: Dodged            |   114 |   153 |   166 |   429 |   761 |   712 ||  2335
       Deflected         |       |       |       |    16 |    11 |    33 ||    60
Block: Other             |       |       |    26 |   146 |   283 |   115 ||   570
       Buckler           |       |       |       |       |   371 |   390 ||   761

Table legend:
 A = Spawn XP
 B = Non-spawn XP
 C = Spawn XP percentage of total XP
 D = Spawn monster count
 E = Non-spawn monster count
 F = Spawn count percentage of total count
 G = Total turns spent on level
                    A         B        C        D         E        F      G
               +---------+---------+-------+---------+---------+-------+---------
         Total |       0 |  243261 |   0.0 |       0 |     992 |   0.0 | 30168
               +---------+---------+-------+---------+---------+-------+---------
           D:1 |       0 |      54 |   0.0 |       0 |      33 |   0.0 |   816
           D:2 |       0 |     172 |   0.0 |       0 |      35 |   0.0 |  1631
           D:3 |       0 |     163 |   0.0 |       0 |      24 |   0.0 |   687
           D:4 |       0 |     335 |   0.0 |       0 |      15 |   0.0 |  1202
           D:5 |       0 |     443 |   0.0 |       0 |      19 |   0.0 |   726
           D:6 |       0 |    1539 |   0.0 |       0 |      27 |   0.0 |  1348
           D:7 |       0 |     615 |   0.0 |       0 |      14 |   0.0 |   729
           D:8 |       0 |    2917 |   0.0 |       0 |      38 |   0.0 |  1361
           D:9 |       0 |    3830 |   0.0 |       0 |      48 |   0.0 |  1541
          D:10 |       0 |    5239 |   0.0 |       0 |      27 |   0.0 |  1016
          D:11 |       0 |    3217 |   0.0 |       0 |      30 |   0.0 |   670
          D:12 |       0 |   11199 |   0.0 |       0 |      47 |   0.0 |   912
          D:13 |       0 |    8151 |   0.0 |       0 |      26 |   0.0 |   954
          D:14 |       0 |    8680 |   0.0 |       0 |      29 |   0.0 |   919
          D:15 |       0 |   28736 |   0.0 |       0 |      62 |   0.0 |  1069
        Lair:1 |       0 |    4308 |   0.0 |       0 |      19 |   0.0 |  1172
        Lair:2 |       0 |    5138 |   0.0 |       0 |      19 |   0.0 |  1976
        Lair:3 |       0 |    5622 |   0.0 |       0 |      13 |   0.0 |  1309
        Lair:4 |       0 |    5902 |   0.0 |       0 |      26 |   0.0 |  1319
        Lair:5 |       0 |   14289 |   0.0 |       0 |      62 |   0.0 |  1245
        Lair:6 |       0 |   31819 |   0.0 |       0 |      59 |   0.0 |  1526
      Shoals:1 |       0 |   25071 |   0.0 |       0 |      51 |   0.0 |  1330
      Shoals:2 |       0 |   21969 |   0.0 |       0 |      45 |   0.0 |   770
      Shoals:3 |       0 |   21046 |   0.0 |       0 |      38 |   0.0 |   902
      Shoals:4 |       0 |    3672 |   0.0 |       0 |      10 |   0.0 |   122
         Orc:1 |       0 |    3491 |   0.0 |       0 |      23 |   0.0 |   652
         Orc:2 |       0 |   25644 |   0.0 |       0 |     153 |   0.0 |  2192
               +---------+---------+-------+---------+---------+-------+---------
